 Dungeon Crawl Stone Soup version 0.24-a0-582-g4d4af813a0 (webtiles) character file.

Game seed: 14445593072725746518

84 Eightlegvermin the Insei (level 4, -4/28 HPs)
             Began as an Octopode Transmuter on Aug 26, 2019.
             Slain by a gnoll
             ... wielding a +0 whip
              (8 damage)
             ... on level 4 of the Dungeon.
             The game lasted 00:11:50 (2332 turns).

Eightlegvermin the Insei (Octopode Transmuter)      Turns: 2332, Time: 00:11:51

Health: -4/28      AC:  1    Str:  9    XL:     4   Next: 46%
Magic:  7/7        EV: 13    Int: 15    God:
Gold:   109        SH:  0    Dex: 13    Spells: 1/7 levels left

rFire    . . .     SeeInvis .   m - +0 dagger (protect)
rCold    . . .     Gourm    .   (no shield)
rNeg     . . .     Faith    .   (helmet restricted)
rPois    .         Spirit   .   (no amulet)
rElec    .         Reflect  .   d - ring of flight
rCorr    .         Harm     .   (no ring)
MR       .....                  (no ring)
Stlth    +++.......             (no ring)
HPRegen  0.09/turn              (no ring)
MPRegen  0.10/turn              (no ring)
                                (no ring)
                                (no ring)

@: no status effects
A: almost no armour, stealthy swim, amphibious, 8 rings, constrict 8, camouflage
1, gelatinous body 1
a: Evoke Flight


You were on level 4 of the Dungeon.
You were not hungry.

You visited 1 branch of the dungeon, and saw 4 of its levels.

You collected 109 gold pieces.

Inventory:

Hand Weapons
 m - a +0 dagger of protection (weapon)
Missiles
 a - 44 arrows
Jewellery
 d - a ring of flight (left tentacle)
 r - an uncursed ring of positive energy {unknown}
Wands
 o - a wand of random effects (25)
 p - a wand of polymorph (5)
Scrolls
 h - 2 scrolls of identify
 i - a scroll of remove curse
Potions
 e - a potion of flight {unknown}
 f - a potion of mutation {unknown}
 g - 2 potions of haste
 k - a potion of heal wounds {unknown}
 q - a potion of curing {unknown}
Comestibles
 c - 7 rations


   Skills:
 - Level 1.0 Fighting
 - Level 2.2 Dodging
 - Level 3.0 Stealth
 + Level 3.7 Unarmed Combat
 - Level 2.1 Spellcasting
 * Level 2.8 Transmutations
 + Level 0.5 Poison Magic


You had one spell level left.
You knew the following spells:

 Your Spells              Type           Power        Failure   Level  Hunger
a - Beastly Appendage     Tmut           ##....       7%          1    #......
b - Sticks to Snakes      Tmut           ##......     11%         2    ###....
c - Spider Form           Tmut/Pois      #.........   32%         3    ###....

Your spell library contained the following spells:

 Spells                   Type           Power        Failure   Level  Hunger
 Ice Form                 Ice/Tmut       #.......     77%         4    #####..
 Blade Hands              Tmut           ##........   88%         5    ######.


Dungeon Overview and Level Annotations

Branches:
Dungeon (4/15)
 Temple: D:4-7

Altars:
Elyvilon
Uskayaw
Xom


Innate Abilities, Weirdness & Mutations

You cannot wear most types of armour.
You are very stealthy in the water. (Stealth+)
You are amphibious.
You can wear up to eight rings at the same time.
You can use your tentacles to constrict eight enemies at once.
Your skin changes colour to match your surroundings (Stealth+).
Your rubbery body absorbs attacks. (AC +1, EV +1)


Message History

The gnoll is heavily wounded.
The gnoll barely misses you.
Your transformation has ended.
Your +0 dagger of protection unmelds from your body.
Your +0 dagger of protection hums with potential!
You closely miss the gnoll. Your grab misses the gnoll.
The gnoll is heavily wounded.
The gnoll barely misses you.
You barely miss the gnoll. You grab the gnoll.
The gnoll is heavily wounded.
You constrict the gnoll.
The gnoll hits you with a cursed +0 whip.
* * * LOW HITPOINT WARNING * * *
You release your grip on the gnoll.
You see here a leather armour.
The gnoll shouts!
The gnoll hits you with a +0 whip!
* * * LOW HITPOINT WARNING * * *
The gnoll hits you with a +0 whip!
You die...

..##.#.# ####.#.#####.
............. ......g#.###
.###...#.# #...S....#
.#.....#.# #.#.####...#
.#.##..#.# #.#.#..#...#
.#.....[.##########.#.#..#._.##
.####...........@.....#((#.....
....'..........gg##.#.####...##
#####............+.............
# #............##.#.#...# #
######..............### #
#.#.#####.#....# # #.#...#
#.#..### # #.###.###.#.##.# #..
#.....#....#


You could see a +0 dagger and 2 gnolls.

Vanquished Creatures
  A gnoll (D:4)
  An adder (D:3)
  A worm (D:2)
  A dart slug (D:2)
  3 leopard geckos
  An orc (D:3)
  7 bats
  3 giant cockroaches
  8 goblins
  6 hobgoblins
  6 kobolds
  2 quokkas (D:2)
  2 ball pythons (D:3)
  7 frilled lizards
  A quokka zombie (D:3)
  4 rats (D:1)
54 creatures vanquished.

Notes
Turn   | Place    | Note
-------+----------+-------------------------------------------
     0 | D:1      | Eightlegvermin the Octopode Transmuter began the quest for
                  | the Orb.
     0 | D:1      | Reached XP level 1. HP: 13/13 MP: 3/3
   320 | D:1      | Reached XP level 2. HP: 18/18 MP: 3/5
   473 | D:1      | Reached skill level 1 in Stealth
   623 | D:1      | Learned a level 2 spell: Sticks to Snakes
   679 | D:1      | Reached XP level 3. HP: 22/23 MP: 6/6
   684 | D:1      | Learned a level 3 spell: Spider Form
  1469 | D:2      | Found a shimmering altar of Xom.
  1857 | D:3      | Reached XP level 4. HP: 24/28 MP: 4/7
  2039 | D:3      | Found a white marble altar of Elyvilon.
  2186 | D:4      | Found a hide-covered altar of Uskayaw.
  2186 | D:4      | Noticed a +0 dagger
  2186 | D:4      | Noticed a +0 hand axe
  2332 | D:4      | Slain by a gnoll

Levels and vault maps discovered:
D:1:      minmay_arrival_glassed_features, layout_loops_ring
D:2:      layout_basic, xom_butterflies, first_ration,
          minmay_misc_feat_more_columns
D:3:      layout_rooms, elyvilon_altar_4
D:4:      layout_basic, grunt_temple_overflow_gold_and_silver,
          dancing_weapons_uskayaw, gammafunk_temple_overflow_pools, uniq_grinder

Skill      XL: |  1  2  3 |
---------------+----------+-----
Stealth        | 1 3 |  3.0
Fighting       | |  1.0
Dodging        | |  2.2
Unarmed Combat | |  3.7
Spellcasting   | |  2.1
Transmutations | |  2.8
Poison Magic   | |  0.5

Action                   |  1- 3 |  4- 6 || total
-------------------------+-------+-------++-------
Melee: Unarmed           |    45 |     3 ||    48
       Constrict         |    22 |     5 ||    27
       Kick              |    14 |    10 ||    24
       Tentacles         |    11 |     1 ||    12
       Dagger            |    36 |    19 ||    55
       Punch             |     1 |       ||     1
 Cast: Beastly Appendage |    26 |     6 ||    32
       Spider Form       |       |     1 ||     1
  Use: Scroll            |     2 |     3 ||     5
 Stab: Sleeping          |    10 |     1 ||    11
  Eat: Chunk             |     3 |     2 ||     5
Armor: Skin              |     7 |     1 ||     8
Dodge: Dodged            |    40 |    10 ||    50

Table legend:
 A = Non-vault XP
 B = Vault XP
 C = Vault XP percentage of total XP
 D = Non-vault monster count
 E = Vault monster count
 F = Vault count percentage of total count
                 A         B        C        D         E       F
            +---------+---------+-------+---------+---------+-------
      Total |     121 |       0 |   0.0 |      54 |       0 |   0.0
            +---------+---------+-------+---------+---------+-------
        D:1 |      35 |       0 |   0.0 |      21 |       0 |   0.0
        D:2 |      25 |       0 |   0.0 |      11 |       0 |   0.0
        D:3 |      44 |       0 |   0.0 |      20 |       0 |   0.0
        D:4 |      17 |       0 |   0.0 |       2 |       0 |   0.0
            +---------+---------+-------+---------+---------+-------
